 Dungeon Crawl Stone Soup version 0.29.1-1-gd02db6906a (webtiles) character file.

Game seed: 9222702002364605896

113 EvilAshe the Poker (level 4, -1/33 HPs)
             Began as a Merfolk Gladiator on Sept 22, 2022.
             Slain by a gnoll
             ... wielding a +2 vorpal spear
              (2 damage)
             ... on level 4 of the Dungeon.
             The game lasted 00:06:23 (2430 turns).

EvilAshe the Poker (Merfolk Gladiator)              Turns: 2430, Time: 00:06:23

Health: -1/33      AC:  6    Str: 16    XL:     4   Next: 96%
Magic:  4/4        EV: 14    Int:  7    God:
Gold:   198        SH:  7    Dex: 15    Spells: 3/3 levels left

rFire   . . .      SeeInvis .   a - +0 trident
rCold   + . .      Faith    .   s - +0 kite shield
rNeg    . . .      Spirit   .   q - +0 ring mail {rC+}
rPois   .          Reflect  .   c - +0 helmet
rElec   .          Harm     .   (no cloak)
rCorr   .          Rampage  .   (no gloves)
Will    .....                   (no boots)
Stlth   +.........              (no amulet)
HPRegen 0.11/turn               n - +4 ring of evasion
MPRegen 0.09/turn               (no ring)

@: mighty
A: (nimble swimmer 2), mertail
a: no special abilities


You were on level 4 of the Dungeon.
You visited 1 branch of the dungeon, and saw 5 of its levels.

You collected 198 gold pieces.

Inventory:

Hand Weapons
 a - a +0 trident (weapon)
Missiles
 b - 4 poisoned darts
 d - 3 throwing nets
 e - 5 javelins
 l - 8 boomerangs (quivered)
Armour
 c - a +0 helmet (worn)
 q - a +0 ring mail of cold resistance (worn)
 s - a +0 kite shield (worn)
Jewellery
 n - a +4 ring of evasion (left hand)
Wands
 v - a wand of flame (19)
Scrolls
 i - a scroll of magic mapping {unknown}
 k - a scroll of teleportation {unknown}
Potions
 f - a potion of curing
 g - a potion of might
 h - a potion of mutation
 j - 2 potions of brilliance
 m - a potion of flight
 o - a potion of lignification
 p - a potion of magic
 r - a potion of resistance
 t - a potion of heal wounds {unknown}
 u - a potion of ambrosia {unknown}


   Skills:
 - Level 2.1 Fighting
 * Level 7.2 Polearms
 - Level 2.0 Throwing
 - Level 4.0 Dodging
 + Level 0.1 Shields


You had 3 spell levels left.
You didn't know any spells.
Your spell library contained the following spells:

 Spells                   Type           Power      Damage    Failure   Level
 Blade Hands              Tmut           0%         N/A       100%        5
 Irradiate                Conj/Tmut      0%         3d11      100%        5
 Dragon Form              Tmut           0%         N/A       100%        7


Dungeon Overview and Level Annotations

Branches:
Dungeon (5/15)
 Temple: D:4-7

Altars:
Cheibriados
Nemelex Xobeh
Trog
Wu Jian

Shops:
D:1 (

Annotations:
D:4 Pikel


Innate Abilities, Weirdness & Mutations

((You are very nimble when in or above water. (Stealth+, EV+, Speed+++)))
Your lower body shifts to a powerful aquatic tail in water.


Message History

The worm is severely wounded.
The worm bites you.
You puncture the worm!
You kill the worm!
You start resting.
HP restored.
There is a stone staircase leading down here.
You climb downwards.
Level annotation: Pikel
There is a stone staircase leading up here.
Found a stone staircase leading down.
There is a stone staircase leading down here.
You climb downwards.
The gnoll shouts! x3
There is a stone staircase leading up here.
The gnoll closely misses you.
The gnoll hits you with a +2 vorpal spear.
You climb upwards.
Level annotation: Pikel
There is a stone staircase leading down here.
You closely miss the gnoll. The gnoll hits you but does no damage.
You block the gnoll's attack.
You hit the gnoll.
The gnoll is lightly wounded.
The gnoll hits you but does no damage. The gnoll misses you.
You hit the gnoll.
The gnoll is lightly wounded.
The gnoll closely misses you. The gnoll hits you with a +0 flail!
You feel very mighty all of a sudden. You block the gnoll's attack.
The gnoll hits you but does no damage.
You hit the gnoll.
The gnoll is heavily wounded.
The gnoll hits you with a +2 vorpal spear.
The gnoll hits you with a +0 flail.
* * * LOW HITPOINT WARNING * * *
You hit the gnoll.
You kill the gnoll!
The gnoll hits you with a +2 vorpal spear!
* * * LOW HITPOINT WARNING * * *
You die...

##.## #...#
#...# #...#
#...####...
#........#
#...######
#...# #.g@#
#.).# #####


You could see a gnoll.

Vanquished Creatures
  An iron imp (D:3)
  2 gnolls
  A worm (D:3)
  3 dart slugs (D:1)
  5 orcs
  3 ball pythons
  6 endoplasms
  3 giant cockroaches
  5 goblins
  3 hobgoblins
  4 quokkas
  5 bats
  11 frilled lizards
  4 kobolds
  5 rats
61 creatures vanquished.

Notes
Turn   | Place    | Note
-------+----------+-------------------------------------------
     0 | D:1      | EvilAshe the Merfolk Gladiator began the quest for the Orb.
     0 | D:1      | Reached XP level 1. HP: 16/16 MP: 1/1
    74 | D:1      | Reached skill level 5 in Polearms
    74 | D:1      | Reached XP level 2. HP: 21/22 MP: 2/2
   138 | D:1      | Reached XP level 3. HP: 27/27 MP: 3/3
   202 | D:1      | Found Hiukk's Weapon Emporium.
   420 | D:1      | Found a faded altar of an unknown god.
   430 | D:1      | Reached skill level 6 in Polearms
  1020 | D:2      | Reached XP level 4. HP: 26/33 MP: 4/4
  1118 | D:3      | Found a bloodstained altar of Trog.
  1118 | D:3      | Found a sparkling altar of Nemelex Xobeh.
  1899 | D:3      | Found a snail-covered altar of Cheibriados.
  1941 | D:3      | Reached skill level 7 in Polearms
  1977 | D:3      | Found an ornate altar of the Wu Jian Council.
  2259 | D:4      | Noticed a lemure
  2259 | D:4      | Noticed a lemure
  2261 | D:4      | Noticed Pikel
  2261 | D:4      | Noticed a lemure
  2422 | D:5      | Entered Level 5 of the Dungeon
  2430 | D:4      | HP: 1/33 [gnoll/+2 vorpal spear (7)]
  2430 | D:4      | Slain by a gnoll

Illustrated notes

Levels and vault maps discovered:
D:1:      kennysheep_arrival_forest, layout_loops_ring,
          dreamdust_ecumenical_altar_statues, serial_shops, nicolae_shop_stone,
          supply_closet_lemuel, minmay_misc_feat_room,
          corexii_item_surrounded_by_moat, st_stairs_10
D:2:      layout_basic
D:3:      wander_river, layout_rooms,
          chequers_temple_overflow_statue_of_worship,
          mainiacjoe_overflow_small_starburst, chei_slow_surprise
D:4:      layout_rooms, hangedman_decor_growths, uniq_pikel, uniq_sigmund
D:5:      layout_gridville, minivault_11, grunt_ministairs_11

Skill      XL: |  1  2  3  4 |
---------------+-------------+-----
Polearms       | 5 6 7 |  7.2
Fighting       | |  2.1
Throwing       | |  2.0
Dodging        | |  4.0
Shields        | |  0.1

Action                   |  1- 3 |  4- 6 || total
-------------------------+-------+-------++-------
Melee: Trident           |   104 |    77 ||   181
Throw: Throwing net      |     1 |       ||     1
       Boomerang         |       |     2 ||     2
  Use: Scroll            |       |     8 ||     8
       Potion            |       |     1 ||     1
 Stab: Sleeping          |     3 |     2 ||     5
       Distracted        |     1 |       ||     1
Armor: Leather armour    |    19 |     6 ||    25
       Ring mail         |       |    14 ||    14
Dodge: Dodged            |    47 |    30 ||    77
Block: Buckler           |       |     4 ||     4
       Kite shield       |       |     2 ||     2
